 Dungeon Crawl Stone Soup version 0.22-a0-224-g8cf3520 (webtiles) character file.

998 kuniqs the Skirmisher (level 8, -7/70 HPs)
             Began as a Minotaur Fighter on Feb 19, 2018.
             Mangled by Pikel
             ... wielding a +1 whip of electrocution
              (18 damage)
             ... on level 4 of the Dungeon.
             The game lasted 00:08:15 (3981 turns).

kuniqs the Skirmisher (Minotaur Fighter)            Turns: 3981, Time: 00:08:15

Health: -7/70      AC: 12    Str: 20    XL:     8   Next: 0%
Magic:  7/7        EV:  6    Int:  5    God:
Gold:   186        SH: 10    Dex: 15    Spells: 7/7 levels left

rFire    . . .     SeeInvis .   a - +0 war axe
rCold    . . .     Gourm    .   c - +0 shield
rNeg     . . .     Faith    .   j - +0 plate armour
rPois    .         Spirit   .   (helmet restricted)
rElec    .         Reflect  .   (no cloak)
rCorr    .         Harm     .   (no gloves)
MR       .....                  (no boots)
Stlth    ..........             (no amulet)
HPRegen  0.21/turn              k - -2 ring of dexterity (curse)
MPRegen  0.10/turn              l - +4 ring of dexterity

@: no status effects
A: retaliatory headbutt, horns 2
a: no special abilities


You were on level 4 of the Dungeon.
You were not hungry.

You visited 1 branch of the dungeon, and saw 4 of its levels.
You also visited: Sewer.

You collected 186 gold pieces.

Inventory:

Hand Weapons
 a - a +0 war axe (weapon)
Missiles
 u - 6 tomahawks (quivered)
Armour
 c - a +0 shield (worn)
 j - a +0 plate armour (worn)
Jewellery
 k - a cursed -2 ring of dexterity (left hand)
 l - a +4 ring of dexterity (right hand)
Wands
 i - a wand of random effects (25)
 r - a wand of flame (77)
Scrolls
 e - 2 scrolls of magic mapping
 m - a scroll of fog {unknown}
 o - a scroll of blinking {unknown}
 q - 2 scrolls of enchant weapon {unknown}
 s - 5 scrolls of teleportation
 v - a scroll of random uselessness {unknown}
 w - a scroll of enchant armour {unknown}
Potions
 b - 5 potions of agility
 d - a potion of might
 h - a potion of haste
 p - a potion of curing {@q1}
 t - a potion of magic {unknown}
 z - a potion of lignification {unknown}
Comestibles
 f - 8 rations
 g - 2 chunks of flesh


   Skills:
 + Level 6.1 Fighting
 + Level 5.4 Axes
 + Level 6.1 Armour
 + Level 4.2 Dodging
 + Level 6.1 Shields


You had 7 spell levels left.
You didn't know any spells.

Dungeon Overview and Level Annotations

Branches:
Dungeon (4/15)
 Temple: D:4-7

Altars:
Vehumet

Annotations:
D:4 Pikel


Innate Abilities, Weirdness & Mutations

You reflexively headbutt those who attack you in melee.
You have a pair of horns on your head.


Message History

* * * LOW HITPOINT WARNING * * *
You hit Pikel. Pikel hits you but does no damage.
You are electrocuted!
* * * LOW HITPOINT WARNING * * *
Pikel hits you with a whip of electrocution.
* * * LOW HITPOINT WARNING * * *
You feel much better. You block Pikel's attack.
Aim: Pikel, wielding a whip of electrocution and wearing a robe (severely wounded)
The puff of flame hits Pikel.
Pikel hits you with a whip of electrocution.
* * * LOW HITPOINT WARNING * * *
You are electrocuted!
* * * LOW HITPOINT WARNING * * *
Pikel says, "Slavery isn't that bad."
Okay, then.
Pikel waves his whip at you.
Pikel smiles. "I know this place well.
And it is filled with the corpses of daring fools like you!
Won't you join me?"
You see here an embroidered robe.
You closely miss Pikel. Pikel hits you but does no damage.
You are electrocuted!
You die...

##
#.#....#..#)))#..##.....#
.#
#.#....#...............##
.#
#.#.....####.#.........#
<###.#.....#
#.##........#
.....#.....#
#.##........#
.#####.....#
#..###....#######
.....#.....# ##.#
#........... ####.#.#...#
#.# ####........ #...###
#@# #........ ###.#
#K######........ #.#
#.##............
#.#######.p#.##.........
#......###.#.##.........
#......# #p...#.).....##
#......# #..####.####.#
#......###...###.# ...
#.......##....##.# #.


You could see Pikel and 2 slaves.

Vanquished Creatures
  The ghost of PeterLawrence the Shield-Bearer, an amateur MiFi (D:3)
  A phantom (D:4)
  An ice beast (D:4)
  A slave (D:4)
  4 big kobolds (Sewer)
  An orc priest (D:4)
  2 orc wizards (D:4)
  2 worker ants (D:4)
  4 gnolls (D:2)
  7 adders
  A river rat (Sewer)
  6 oozes
  9 worms
  3 dart slugs
  A leopard gecko (D:2)
  9 orcs
  2 giant cockroaches
  6 goblins
  9 hobgoblins
  7 jackals
  4 quokkas
  4 ball pythons
  8 bats
  6 frilled lizards
  8 kobolds
  A leopard gecko skeleton (D:3)
  14 rats
122 creatures vanquished.

Notes
Turn   | Place    | Note
-------+----------+-------------------------------------------
     0 | D:1      | kuniqs the Minotaur Fighter began the quest for the Orb.
     0 | D:1      | Reached XP level 1. HP: 19/19 MP: 0/0
   349 | D:1      | Reached XP level 2. HP: 27/27 MP: 1/1
   983 | D:2      | Reached skill level 1 in Dodging
  1051 | D:2      | Reached XP level 3. HP: 32/33 MP: 2/2
  1282 | D:2      | Reached XP level 4. HP: 24/40 MP: 3/3
  1964 | D:3      | Found a glowing drain.
  1985 | D:3      | Reached XP level 5. HP: 47/47 MP: 4/4
  1995 | Sewer    | Entered a sewer
  2107 | Sewer    | Reached XP level 6. HP: 50/55 MP: 5/5
  2246 | Sewer    | Reached skill level 5 in Fighting
  2363 | Sewer    | Reached skill level 5 in Armour
  2363 | Sewer    | Reached skill level 5 in Shields
  3144 | D:3      | Reached XP level 7. HP: 61/61 MP: 6/6
  3324 | D:3      | Noticed PeterLawrence's ghost (amateur MiFi)
  3348 | D:3      | Killed PeterLawrence's ghost
  3504 | D:4      | Reached skill level 5 in Axes
  3668 | D:4      | Found a radiant altar of Vehumet.
  3891 | D:4      | Reached XP level 8. HP: 66/70 MP: 7/7
  3896 | D:4      | Noticed Pikel
  3930 | D:4      | HP: 3/70 [Pikel/whip of electrocution (18)]
  3933 | D:4      | HP: 1/70 [Pikel/whip of electrocution (3)]
  3981 | D:4      | Mangled by Pikel

Vault maps used:
D:1:      dpeg_arrival_lava_temple_mockup, grunt_decor_clamped
D:2:      grunt_ministairs_2, minmay_box_of_dots
D:3:      first_ration, cheibrodos_sewer_entry_bend,
          corexii_item_surrounded_by_moat
D:4:      vehumet_crystals, uniq_pikel
Sewer:    sewer_co_tree

Skill      XL: |  1  2  3  4  5  6  7 |
---------------+----------------------+-----
Dodging        | 1 2 3 4 |  4.2
Armour         | 4 5 6 |  6.1
Fighting       | 4 5 6 |  6.1
Shields        | 4 5 6 |  6.1
Axes           | 3 4 5 |  5.4

Action                   |  1- 3 |  4- 6 |  7- 9 || total
-------------------------+-------+-------+-------++-------
Melee: War axe           |    80 |   211 |   112 ||   403
       Headbutt          |    12 |    37 |    24 ||    73
Evoke: Wand              |       |       |     1 ||     1
  Use: Scroll            |       |       |     8 ||     8
       Potion            |       |       |     3 ||     3
  Eat: Chunk             |     1 |     7 |     3 ||    11
Armor: Scale mail        |    10 |       |       ||    10
       Plate armour      |    24 |   124 |    42 ||   190
Dodge: Dodged            |    12 |    29 |    25 ||    66
Block: Shield            |    47 |   108 |    55 ||   210

Table legend:
 A = Spawn XP
 B = Non-spawn XP
 C = Spawn XP percentage of total XP
 D = Spawn monster count
 E = Non-spawn monster count
 F = Spawn count percentage of total count
 G = Total turns spent on level
                    A         B        C        D         E        F      G
               +---------+---------+-------+---------+---------+-------+---------
         Total |       0 |    1426 |   0.0 |       0 |     121 |   0.0 |  3981
               +---------+---------+-------+---------+---------+-------+---------
           D:1 |       0 |      31 |   0.0 |       0 |      20 |   0.0 |  1062
           D:2 |       0 |     146 |   0.0 |       0 |      31 |   0.0 |   851
           D:3 |       0 |     295 |   0.0 |       0 |      30 |   0.0 |   841
           D:4 |       0 |     460 |   0.0 |       0 |      12 |   0.0 |   524
         Sewer |       0 |     494 |   0.0 |       0 |      28 |   0.0 |   703
               +---------+---------+-------+---------+---------+-------+---------
